 Dungeon Crawl Stone Soup version 0.17-a0-1399-gd5b76e1 (webtiles) character file.

77 Jon2 the Chopper (level 4, -2/35 HPs)
             Began as a Formicid Abyssal Knight on June 19, 2015.
             Was a Believer of Lugonu.
             Killed by a spatial distortion (3 damage)
             ... on level 3 of the Dungeon.
             The game lasted 00:09:55 (2907 turns).

Jon2 the Chopper (Formicid Abyssal Knight)          Turns: 2907, Time: 00:09:55

Health: -2/35      AC:  3    Str: 18    XL:     4   Next: 60%
Magic:  5/5        EV: 11    Int: 11    God:    Lugonu [**....]
Gold:   88         SH:  0    Dex: 10    Spells: 0 memorised, 3 levels left

rFire  . . .     SeeInvis +     a - +1 hand axe
rCold  . . .     Clarity  .     b - +0 leather armour
rNeg   . . .     SustAt   .     (no shield)
rPois  .         Gourm    .     (helmet unavailable)
rElec  .         Spirit   .     (no cloak)
rCorr  .         Warding  .     (no gloves)
rMut   .         Stasis   +     (no boots)
MR     .....                    (no amulet)
Stlth  +.........               (no ring)
                                (no ring)

@: not resistant to hostile enchantments, very unstealthy
A: permanent stasis, dig shafts and tunnels, four strong arms, antennae 3
a: Dig, Shaft Self, Depart the Abyss, Bend Space, Renounce Religion


You were on level 3 of the Dungeon.
You worshipped Lugonu.
Lugonu was pleased with you.
You were hungry.

You visited 1 branch of the dungeon, and saw 3 of its levels.
You visited the Abyss 1 time.

You collected 88 gold pieces.

Inventory:

Hand weapons
 a - a +1 hand axe (weapon)
Armour
 b - a +0 leather armour (worn)
Rods
 l - a +0 iron rod (11/11)
   (You found it on level 2 of the Dungeon)
Jewellery
 k - an uncursed ring of positive energy {unknown}
Scrolls
 d - 3 scrolls of teleportation {unknown}
 e - a scroll of noise {unknown}
 f - a scroll of fear {unknown}
 g - a scroll of amnesia {unknown}
 h - a scroll of recharging {unknown}
 j - 4 scrolls of enchant armour {unknown}
 m - a scroll of immolation {unknown}
 q - a scroll of enchant weapon {unknown}
 r - a scroll of magic mapping {unknown}
Comestibles
 c - 3 bread rations
 n - 2 chunks of flesh
 o - a meat ration


   Skills:
 + Level 3.3 Fighting
 * Level 4.3 Axes
 - Level 2.1 Armour
 - Level 0.8 Dodging
 + Level 2.3 Invocations


You had 3 spell levels left.
You didn't know any spells.

Dungeon Overview and Level Annotations

Branches:
Dungeon (3/15)

Altars:
Cheibriados


Innate Abilities, Weirdness & Mutations

You are under a permanent stasis effect.
You can dig through walls and to a lower floor.
Your four strong arms can wield two-handed weapons with a shield.
You have a pair of large antennae on your head (SInv).


Message History

You slash the orc!
You kill the orc!
Lugonu accepts your kill.
The orc wizard hits you but does no damage.
You hit the orc wizard.
The orc wizard is moderately wounded.
The orc wizard misses you.
You hit the orc wizard but do no damage.
The orc wizard is moderately wounded.
The orc wizard hits you with a dagger.
* * * LOW HITPOINT WARNING * * *
The orc wizard barely misses you.
You completely miss the orc wizard.
The orc wizard is moderately wounded.
The orc wizard hits you with a dagger.
* * * LOW HITPOINT WARNING * * *
The orc wizard hits you but does no damage.
Use which ability? (? or * to list) Space bends around you!
You blink.
You die...

... ##.## ...##
##..o####
##...###.......#
##.....###..<##.#
##.......###.##.)##
#.........####....##
+.........§ooo.....#
#.........####....##
#....@..# ##...#
##.....## ###.#
##...## #.# ##+## #.#
#.# #.# #.# #.# ##.##
#.# .####.<.### #.#
#..........########.#


You could see an orc wizard and 2 orcs.

Vanquished Creatures
  2 adders (D:2)
  3 giant geckos
  2 orcs (D:3)
  7 bats (D:2)
  3 giant cockroaches
  3 goblins (D:2)
  7 hobgoblins
  A quokka (D:2)
  A giant newt (D:1)
  8 jackals
  7 kobolds
  7 rats
51 creatures vanquished.

Notes
Turn   | Place    | Note
--------------------------------------------------------------
     0 | Abyss:1  | Jon2 the Formicid Abyssal Knight began the quest for the Orb.
     0 | Abyss:1  | Reached XP level 1. HP: 18/18 MP: 2/2
    79 | Abyss:1  | Found a corrupted altar of Lugonu.
    99 | Abyss:1  | Noticed a wandering mushroom
   100 | D:1      | Escaped the Abyss
   157 | D:1      | Acquired Lugonu's first power
   425 | D:1      | Reached XP level 2. HP: 20/24 MP: 3/3
  1411 | D:1      | Reached XP level 3. HP: 29/29 MP: 4/4
  1996 | D:2      | Reached XP level 4. HP: 27/35 MP: 5/5
  2035 | D:2      | Reached skill level 4 in Axes
  2046 | D:2      | Acquired Lugonu's second power
  2709 | D:2      | Found a snail-covered altar of Cheibriados.
  2906 | D:3      | HP: 1/35 [orc wizard/dagger (4)]
  2907 | D:3      | Killed by a spatial distortion

Vault maps used:
D:1:      dpeg_arrival_simpleton_b, minmay_misc_feat_pillars
D:2:      cheibriados_altar_1
D:3:      minmay_crystal_room, uniq_sigmund

Action                   |  1- 3 |  4- 6 || total
-------------------------+-------+-------++-------
Melee: Hand axe          |   145 |    74 ||   219
Invok: Depart the Abyss  |     1 |       ||     1
  Use: Potion            |     2 |     3 ||     5
 Stab: Sleeping          |     1 |       ||     1
       Invisible         |     1 |       ||     1
  Eat: Beef jerky        |     1 |       ||     1
       Chunk             |     3 |     2 ||     5
